 Dungeon Crawl Stone Soup version 0.28.0-47-ge53b351184 (webtiles) character file.

Game seed: 8008548058484214152

49 Icepheonix32 the Chiller (level 3, -1/24 HPs)
             Began as a Demonspawn Ice Elementalist on May 4, 2022.
             Slain by an adder (3 damage)
             ... on level 2 of the Dungeon.
             The game lasted 00:02:23 (1530 turns).

Icepheonix32 the Chiller (DsIE)                     Turns: 1530, Time: 00:02:23

Health: -1/24      AC:  2    Str:  6 (8)  XL:     3   Next: 53%
Magic:  0/6        EV: 12    Int: 16 (18) God:
Gold:   47         SH:  0    Dex: 12 (13) Spells: 5/6 levels left

rFire   . . .      SeeInvis .   (no weapon)
rCold   . . .      Faith    .   (no shield)
rNeg    . . .      Spirit   .   a - +0 robe
rPois   .          Reflect  .   (no helmet)
rElec   .          Harm     .   (no cloak)
rCorr   .          Rampage  .   (no gloves)
Will    .....                   (no boots)
Stlth   ++........              (no amulet)
HPRegen 0.08/turn               (no ring)
MPRegen 0.10/turn               (no ring)

@: lethally poisoned (-1 -> -6)
A: demonic touch 1
a: no special abilities


You were on level 2 of the Dungeon.
You visited 1 branch of the dungeon, and saw 2 of its levels.

You collected 47 gold pieces.

Inventory:

Armour
 a - a +0 robe (worn)
 d - a +0 pair of boots
 h - a +0 cloak
Scrolls
 b - a scroll of enchant weapon {unknown}
 g - a scroll of teleportation {unknown}
Potions
 c - a potion of degeneration
 e - a potion of flight {unknown}
 f - a potion of haste {unknown}
 i - a potion of heal wounds {unknown}


   Skills:
 - Level 1.7 Dodging
 - Level 1.7 Stealth
 + Level 0.2 Unarmed Combat
 * Level 2.3 Spellcasting
 * Level 4.6 Ice Magic


You had 5 spell levels left.
You knew the following spells:

 Your Spells              Type           Power      Damage    Failure   Level
a - Freeze                Ice            64%        1d8       3%          1

Your spell library contained the following spells:

 Spells                   Type           Power      Damage    Failure   Level
 Frozen Ramparts          Ice            32%        1d5       9%          3
 Ozocubu's Armour         Ice            16%        N/A       9%          3
 Hailstorm                Conj/Ice       9%         3d4       61%         4
 Summon Forest            Summ/Tloc      0%         N/A       99%         5
 Summon Mana Viper        Hex/Summ       1%         N/A       99%         5
 Summon Cactus Giant      Summ           0%         N/A       100%        6


Dungeon Overview and Level Annotations

Branches:
Dungeon (2/15)

Altars:
Ru


Innate Abilities, Weirdness & Mutations

Your touch may inflict minor irresistible damage on your foes.


Message History

The adder is heavily wounded.
The adder bites you.
Unknown command.
Casting: Freeze (safe; 2% risk of failure)
Confirm with . or Enter, or press ? or * to list all spells.
Aiming: Freeze (safe; 2% risk of failure)
Press: ? - help, Shift-Dir - straight line, f/p - adder
Aim: an adder (heavily wounded, slow)
You freeze the adder.
The adder is heavily wounded.
The adder bites you.
* * * LOW HITPOINT WARNING * * *
Casting: Freeze (safe; 2% risk of failure)
Confirm with . or Enter, or press ? or * to list all spells.
Aiming: Freeze (safe; 2% risk of failure)
Press: ? - help, Shift-Dir - straight line, f/p - adder
Aim: an adder (heavily wounded, slow)
You freeze the adder.
The adder is severely wounded.
The adder seems to slow down.
The adder misses you.
Unknown command.
You miss the adder.
The adder is severely wounded.
Unknown command.
You miss the adder. Your touch misses the adder.
The adder is severely wounded.
The adder misses you.
You closely miss the adder.
The adder is severely wounded.
The adder bites you.
* * * LOW HITPOINT WARNING * * *
You are lethally poisoned!
The adder poisons you!
Your magical contamination has completely faded away.
It was a potion of degeneration.
There was something very wrong with that liquid.
You feel weakened.
You feel dopey.
You feel clumsy.
* * * LOW HITPOINT WARNING * * *
You feel sick. The adder bites you.
You die...

##.#. #...........#.†..
.. #............†.†† ..
###................ ##
.......)....)......
##................ . #
###.........#.>.... #.#..
.......†......#.... #....
##..<...###^.......
##...# #@####.#.....####.
......##S####...#.#... #
....S..................
#.##.#..$.##...<.........
.................!.....##
#....##.†#...######...
##.........## ...
............# ..
.###.#......#


You could see an adder (slow).

Vanquished Creatures
  An adder (D:2)
  2 dart slugs
  4 ball pythons
  7 bats
  A giant cockroach (D:1)
  3 goblins
  A hobgoblin (D:2)
  2 jackals (D:2)
  3 kobolds
  2 quokkas (D:2)
  A frilled lizard (D:2)
  7 rats
34 creatures vanquished.

Notes
Turn   | Place    | Note
-------+----------+-------------------------------------------
     0 | D:1      | Icepheonix32 the Demonspawn Ice Elementalist began the
                  | quest for the Orb.
     0 | D:1      | Reached XP level 1. HP: 13/13 MP: 3/3
   443 | D:1      | Reached skill level 4 in Ice Magic
   509 | D:1      | Gained mutation: Your touch may inflict minor irresistible
                  | damage on your foes. [demonic ancestry]
   509 | D:1      | Reached XP level 2. HP: 19/19 MP: 0/5
  1178 | D:2      | Found a sacrificial altar of Ru.
  1203 | D:2      | Reached XP level 3. HP: 19/24 MP: 3/6
  1530 | D:2      | Slain by an adder

Illustrated notes

Levels and vault maps discovered:
D:1:      dpeg_arrival_signposts, layout_rooms
D:2:      layout_rooms, basic_altar, nicolae_ecumenical_lake_church,
          st_stairs_2, minmay_surrounded

Skill      XL: |  1 |
---------------+----+-----
Ice Magic      | 4 |  4.6
Dodging        | |  1.7
Stealth        | |  1.7
Unarmed Combat | |  0.2
Spellcasting   | |  2.3

Action                   || total
-------------------------++-------
Melee: Unarmed           ||    56
       Touch             ||     8
 Cast: Freeze            ||    42
  Use: Potion            ||     1
 Stab: Sleeping          ||     1
Armor: Robe              ||    23
Dodge: Dodged            ||    72
